 Dungeon Crawl Stone Soup version 0.32-a0-616-g9348d4545b (webtiles) character file.

Game seed: 3595343840756151075

4618 dialectric the Nimble (level 10, -3/79 HPs)
             Began as a Coglin Gladiator on Mar 5, 2024.
             Slain by a hornet (11 damage)
             ... on level 9 of the Dungeon.
             The game lasted 00:12:52 (9028 turns).

dialectric the Nimble (Coglin Gladiator)            Turns: 9028, Time: 00:12:53

Health: -3/79      AC:  8    Str: 15    XL:     10   Next: 42%
Magic:  10/10      EV: 17    Int:  8    God:
Gold:   181        SH:  0    Dex: 19    Spells: 6/9 levels left

rFire   . . .        a - +0 trident {Albrecht}
rCold   . . .        B - +0 trident {Svenja}
rNeg    . . .        L - +0 steam dragon scales
rPois   .            H - +1 helmet
rElec   .            l - +0 cloak
rCorr   .            (no gloves)
SInv    .            (no boots)
Will    .....        (amulet unavailable)
Stlth   +++          (ring unavailable)
HPRegen 0.33/turn    (ring unavailable)
MPRegen 0.12/turn    (no gizmo)

%: no passive effects
@: lethally poisoned (-3 -> -17), slowed, revved, very slow
A: off-hand wielding, slow wielding, warmup strikes, no jewellery
a: Invent Gizmo


You were on level 9 of the Dungeon.
You visited 1 branch of the dungeon, and saw 9 of its levels.

You collected 456 gold pieces.
You spent 275 gold pieces at shops.

Inventory:

Hand Weapons
 a - a +0 trident (weapon) {Albrecht}
 f - a +0 dagger {Ximena}
 t - a +0 sling
 B - a +0 trident (offhand) {Svenja}
Missiles
 d - 4 throwing nets
 e - a javelin
 g - 21 poisoned darts (quivered)
Armour
 c - a +0 helmet
 l - a +0 cloak (worn)
 G - the +1 leather armour of Lokoics {rF+++ MP-9 Int-2 SInv}
   (You bought it in a shop on level 2 of the Dungeon)

   Int-2:     It affects your intelligence (-2).
   rF+++:     It renders you almost immune to fire.
   MP-9:      It affects your magic capacity (-9).
   SInv:      It lets you see invisible.
 H - a +1 helmet (worn)
 I - a +2 leather armour of cold resistance
 L - +0 steam dragon scales (worn)
Wands
 s - a wand of light (12)
 u - a wand of polymorph (16)
 y - a wand of roots (5)
 D - a wand of digging (4)
 J - a wand of paralysis (20)
Scrolls
 b - 2 scrolls of teleportation
 h - 4 scrolls of noise
 i - a scroll of blinking {unknown}
 q - a scroll of torment {unknown}
 v - a scroll of vulnerability {unknown}
 w - 2 scrolls of poison
 C - 2 scrolls of revelation {unknown}
 F - a scroll of amnesia {unknown}
 K - a scroll of fog {unknown}
Potions
 j - a potion of mutation
 k - a potion of enlightenment
 m - a potion of brilliance {unknown}
 n - 3 potions of attraction
 o - a potion of magic
 p - a potion of might
 A - 2 potions of heal wounds
 E - a potion of haste {unknown}
 M - a potion of cancellation {unknown}


   Skills:
 + Level 7.5 Fighting
 + Level 7.0 Polearms
 - Level 2.0 Throwing
 + Level 1.5 Armour
 * Level 8.2 Dodging
 - Level 6.0 Stealth


You had 6 spell levels left.
You knew the following spells:

 Your Spells              Type           Power      Damage    Failure   Level
a - Fugue of the Fallen   Necr           0%         N/A       78%         3

Your spell library contained the following spells:

 Spells                   Type           Power      Damage    Failure   Level
 Ozocubu's Armour         Ice            0%         N/A       78%         3
 Summon Ice Beast         Ice/Summ       0%         N/A       78%         3
 Manifold Assault         Tloc           0%         N/A       99%         4
 Summon Mana Viper        Hex/Summ       0%         N/A       100%        5
 Monstrous Menagerie      Summ           0%         N/A       100%        7


Dungeon Overview and Level Annotations

Branches:
Dungeon (9/15)             Temple (0/1) D:5             Orc (0/2) D:9
   Lair: D:8-11

Altars:
Fedhas
Gozag
Hepliaklqana
Nemelex Xobeh
Okawaru
Ru
Uskayaw

Shops:
D:2 [

Annotations:
D:5 2 runed translucent doors, dogverified's ghost, amateur DEEE


Innate Abilities, Weirdness & Mutations

You can wield a second weapon in your off-hand.
It takes a long time for you to wield or remove held weapons.
Your first few attacks do less damage.
You cannot equip rings or amulets.


Message History

You puncture the yak with your +0 trident!
The yak misses you.
You puncture the yak with your +0 trident!
The yak is severely wounded.
You barely miss the yak with your +0 trident.
The yak gores you!
The hornet buzzes angrily.
You barely miss the yak with your +0 trident.
The yak is severely wounded.
You hit the yak with your +0 trident. The yak misses you.
Unknown command.
You puncture the yak with your +0 trident!
You kill the yak!
You catch the helpless hornet completely off-guard!
You hit the hornet but do no damage.
The hornet is almost dead.
You miss the hornet with your +0 trident.
The hornet misses you. The hornet stings you!
You suddenly lose the ability to move!
The hornet stings you!
You feel yourself slow down.
The hornet is no longer blind.
The yak is no longer blind.
The hornet stings you!
* * * LOW HITPOINT WARNING * * *
You are poisoned.
You feel as though you will be slow longer.
The hornet stings you but does no damage.
You feel very sick. The hornet stings you.
* * * LOW HITPOINT WARNING * * *
You are lethally poisoned!
You shrug off the repeated paralysis!
You can move again.
You are too injured to fight recklessly!
You barely miss the hornet with your +0 trident.
The hornet is almost dead.
You hit the hornet but do no damage.
* * * LOW HITPOINT WARNING * * *
You feel very sick. The hornet stings you!
You die...

#yY#>.........#
#.##....^.....#
#<##..........#
+.##..........#
####..........#
#..........#
#......Y...# #y#
###@# ####...#
#....###
##.#######
#........#
########........#
................#
########........#
#........#


You could see a yak and a hornet.

Vanquished Creatures
  A troll (D:8)
  Prince Ribbit (D:8)
  A shadow (D:9)
  A wyvern (D:8)
  3 yaks
  2 steam dragons
  Edmund (D:6)
  3 vampire mosquitoes (D:8)
  A water moccasin (D:8)
  An ice beast (D:8)
  3 orc warriors (D:8)
  A black bear (D:4)
  2 centaurs
  2 phantoms
  2 kobold brigands
  2 bullfrogs
  7 wights
  8 howler monkeys
  A bombardier beetle (D:3)
  3 hounds
  4 jellies
  2 orc priests
  A sleepcap (D:6)
  3 gnoll boudas
  An iguana (D:5)
  Natasha (thrice) (D:2)
  3 orc wizards
  11 gnolls
  7 adders
  4 white imps
  3 ufetubi (D:5)
  4 dart slugs
  A ribbon worm (D:2)
  20 orcs
  7 ball pythons
  5 bats
  2 endoplasms (D:1)
  3 giant cockroaches
  6 goblins
  A hobgoblin (D:4)
  4 jackals
  19 kobolds
  A quokka (D:3)
  3 frilled lizards
  4 rats
  A butterfly (D:5)
169 creatures vanquished.

Notes
Turn   | Place    | Note
-------+----------+-------------------------------------------
     0 | D:1      | dialectric the Coglin Gladiator began the quest for the
                  | Orb.
     0 | D:1      | Reached XP level 1. HP: 16/16 MP: 1/1
   213 | D:1      | Reached XP level 2. HP: 22/22 MP: 2/2
   453 | D:1      | Reached skill level 3 in Dodging
   951 | D:2      | Noticed Natasha
   963 | D:2      | Killed Natasha
   964 | D:2      | Reached XP level 3. HP: 8/28 MP: 3/3
  1104 | D:2      | Noticed Natasha
  1186 | D:3      | Reached XP level 4. HP: 15/34 MP: 4/4
  1440 | D:3      | Learned a level 3 spell: Fugue of the Fallen
  1869 | D:2      | Killed Natasha
  1870 | D:2      | Reached XP level 5. HP: 26/41 MP: 5/5
  1966 | D:2      | Found Rookayrch's Antique Armour Shop.
  2257 | D:2      | Noticed Natasha
  2278 | D:2      | Killed Natasha
  2504 | D:4      | Noticed a black bear
  2511 | D:4      | Killed a black bear
  2512 | D:4      | Reached skill level 4 in Dodging
  2512 | D:4      | Reached skill level 1 in Stealth
  2512 | D:4      | Reached XP level 6. HP: 48/48 MP: 6/6
  2525 | D:4      | Found an iron altar of Okawaru.
  3331 | D:5      | Entered Level 5 of the Dungeon
  3725 | D:5      | Reached XP level 7. HP: 44/54 MP: 7/7
  3903 | D:5      | Found a runed translucent door.
  3904 | D:5      | Found a staircase to the Ecumenical Temple.
  3906 | D:5      | Noticed dogverified's ghost (amateur DEEE)
  4267 | D:5      | Found a runed translucent door.
  4671 | D:2      | Bought a jewelled leather armour for 133 gold pieces
  4671 | D:2      | Identified the +1 leather armour of Lokoics {rF+++ MP-9
                  | Int-2 SInv} (You bought it in a shop on level 2 of the
                  | Dungeon)
  4683 | D:2      | Bought a glowing helmet for 142 gold pieces
  5052 | D:6      | Reached XP level 8. HP: 59/61 MP: 0/8
  5067 | D:6      | Found a blossoming altar of Fedhas.
  5320 | D:6      | Reached skill level 5 in Fighting
  5385 | D:6      | Reached skill level 5 in Dodging
  5480 | D:6      | Reached skill level 5 in Polearms
  5911 | D:6      | Noticed Edmund
  5924 | D:6      | Killed Edmund
  5925 | D:6      | Reached skill level 5 in Stealth
  6461 | D:7      | Reached XP level 9. HP: 49/69 MP: 0/9
  6977 | D:7      | Found a hazy altar of Hepliaklqana.
  7012 | D:7      | Found a hide-covered altar of Uskayaw.
  7192 | D:7      | Found a sacrificial altar of Ru.
  7258 | D:8      | Noticed Prince Ribbit
  7273 | D:8      | Killed Prince Ribbit
  7376 | D:8      | Reached skill level 6 in Dodging
  7791 | D:8      | Found an opulent altar of Gozag.
  7934 | D:8      | Reached skill level 7 in Dodging
  7999 | D:8      | Reached XP level 10. HP: 77/77 MP: 10/10
  8160 | D:8      | Found a sparkling altar of Nemelex Xobeh.
  8582 | D:8      | Reached skill level 1 in Armour
  8608 | D:8      | Reached skill level 8 in Dodging
  8627 | D:9      | Found a staircase to the Orcish Mines.
  9024 | D:9      | Paralysed by a hornet for 3 turns
  9028 | D:9      | Slain by a hornet

Illustrated notes

Levels and vault maps discovered:
D:1:      dpeg_arrival_boxorama, layout_loops_corners, amethyst_killhole
D:2:      layout_basic, serial_shops, shop, st_stairs_12,
          minmay_misc_feat_four_crosses, uniq_natasha
D:3:      layout_basic
D:4:      layout_basic, lemuel_round_altar
D:5:      minmay_angry_zag, layout_basic, minmay_temple_entry_butterflies,
          ebering_ghost_sewer_f, minmay_misc_feat_nine_boxes
D:6:      layout_gridville, fedhas_bush_and_centaur_altar,
          roderic_roman_lattice, kennysheep_generic_room_3, uniq_edmund
D:7:      layout_loops_ring, nicolae_ru_the_path_less_chosen,
          mainiacjoe_overflow_two_lobes, minmay_misc_feat_x
D:8:      layout_gridville, lemuel_round_altar,
          nemelex_xobeh_ov_fountains_minmay, uniq_prince_ribbit1
D:9:      layout_roguey, david_orc_2, kennysheep_just_a_vault

Skill      XL: |  1  2  3  4  5  6  7  8  9 10 |
---------------+-------------------------------+-----
Throwing       | 2 |  2.0
Dodging        | 3 4 5 7 8 |  8.2
Polearms       | 3 4 5 6 7 |  7.0
Fighting       | 3 4 5 6 7 |  7.5
Stealth        | 1 2 3 5 6 |  6.0
Armour         | 1 |  1.5

Action                     |  1- 3 |  4- 6 |  7- 9 | 10-12 || total
---------------------------+-------+-------+-------+-------++-------
  Melee: Trident           |    74 |   143 |   545 |   157 ||   919
         Dagger            |    52 |   111 |       |       ||   163
  Throw: Throwing net      |       |     1 |     1 |       ||     2
         Dart              |       |       |     1 |    18 ||    19
  Evoke: Wand              |       |     2 |    10 |     1 ||    13
    Use: Scroll            |       |     4 |     1 |     5 ||    10
         Potion            |       |       |     3 |       ||     3
   Stab: Sleeping          |     1 |     2 |     6 |     1 ||    10
         Held in net/web   |       |     1 |       |       ||     1
         Invisible         |       |     2 |    11 |     4 ||    17
         Distracted        |       |       |     1 |       ||     1
 Armour: Leather armour    |    29 |    77 |    87 |       ||   193
         Skin              |       |       |    89 |    16 ||   105
         Steam dragon scal |       |       |    46 |    37 ||    83
  Dodge: Dodged            |    48 |    97 |   181 |    71 ||   397

Table legend: (Time is in decaauts)
 A = Elapsed time spent in this place.
 B = Non-inter-level travel time spent in this place.
 C = Inter-level travel time spent in this place.
 D = Time resting spent in this place.
 E = Time spent auto-exploring this place.
 F = Levels seen in this place.
 G = Mean time per level.
                   A        B        C        D        E       F      G
               +--------+--------+--------+--------+--------+-----+--------+
         Total |   9059 |   8443 |    616 |    851 |   6160 |   9 | 1006.6 |
       Dungeon |   9059 |   8443 |    616 |    851 |   6160 |   9 | 1006.6 |
               +--------+--------+--------+--------+--------+-----+--------+

Top non-repeatable levels by time:
     D:6: 1526 daAuts
     D:5: 1292 daAuts
     D:8: 1168 daAuts
     D:7: 1028 daAuts
     D:1: 940 daAuts
     D:4: 921 daAuts
     D:3: 880 daAuts
     D:2: 794 daAuts
     D:9: 506 daAuts
